AoeStats
← cherreraleyton

Arabia

509478266Analyzed
1v1 RM · 5d ago on Sep 26, 2026· 21m 50s· 2 players
Game mode
Random Map
Map size
Tiny (2 player)
Population
200
Speed
Normal
Resources
Standard
Victory
Conquest
Starting age
Dark Age
Ending age
Imperial Age
RankedLock teamsTeams togetherTeam positionsShared explorationLock speedFull tech treeHidden civsTurbo modeCheats
Victory
Defeat
🇨🇱 Mongols · Chile
1284
+15
🇲🇽 Mongols · Mexico
1264
-15
david.indie108
4:29 Loom
9:45 Feudal Age
9:41 Loom
10:13 Double-Bit Axe
15:22 Horse Collar
22:27 Scale Barding Armor
22:32 Forging
cherreraleyton
6:42 Loom
8:56 Feudal Age
9:01 Man-at-Arms
9:30 Double-Bit Axe
12:39 Horse Collar
15:06 Fletching
20:26 Castle Age
20:20 Bloodlines
20:16 Scale Barding Armor
22:23 Chain Barding Armor
Connection lost

Rejoining the realm…

Still unreachable

The connection could not be restored.

Session expired

The server has moved on; the page needs a fresh start.